 Dungeon Crawl Stone Soup version 0.27.1-3-gb3d3a73c9e (webtiles) character file.

Game seed: 3875869344212635397

56 Gabide the Slasher (level 3, -2/29 HPs)
             Began as a Demonspawn Chaos Knight on Oct 14, 2021.
             Was a Plaything of Xom.
             Frozen to death by an endoplasm (5 damage)
             ... on level 3 of the Dungeon.
             The game lasted 00:03:48 (2417 turns).

Gabide the Slasher (Demonspawn Chaos Knight)        Turns: 2417, Time: 00:03:49

Health: -2/29      AC:  7    Str: 13    XL:     3   Next: 69%
Magic:  2/2        EV: 11    Int: 13    God:    Xom [.*....]
Gold:   93         SH:  0    Dex: 12    Spells: 2/2 levels left

rFire    . . .     SeeInvis .   a - +0 falchion (chaos)
rCold    . . .     Faith    .   (no shield)
rNeg     . . .     Spirit   .   b - +2 leather armour
rPois    +         Reflect  .   (no helmet)
rElec    .         Harm     .   (no cloak)
rCorr    .         Rampage  .   (no gloves)
Will     .....                  (no boots)
Stlth    +.........             (no amulet)
HPRegen  0.09/turn              (no ring)
MPRegen  0.08/turn              (no ring)

@: brilliant, weak-willed
A: icy blue scales 1, demonic magic 1, low mp 1, poison resistance
a: Renounce Religion


You were on level 3 of the Dungeon.
You worshipped Xom.
You were a plaything of Xom.
You visited 1 branch of the dungeon, and saw 3 of its levels.

You collected 93 gold pieces.

Inventory:

Hand Weapons
 a - a +0 falchion of chaos (weapon)
Armour
 b - a +2 leather armour (worn)
Magical Staves
 j - a staff of cold
Scrolls
 k - a scroll of identify
Potions
 e - a potion of flight {unknown}
 f - a potion of brilliance
 g - a potion of mutation {unknown}


   Skills:
 + Level 3.3 Fighting
 * Level 3.7 Long Blades
 + Level 2.0 Armour
 * Level 1.2 Dodging
 + Level 0.5 Stealth


You had 2 spell levels left.
You didn't know any spells.
Your spell library contained the following spells:

 Spells                   Type           Power      Damage    Failure   Level
 Sublimation of Blood     Necr           0%         N/A       52%         2
 Petrify                  Tmut/Erth      0%         N/A       98%         4
 Irradiate                Conj/Tmut      0%         3d13      100%        5


Dungeon Overview and Level Annotations

Branches:
Dungeon (3/15)

Altars:
Kikubaaqudgha


Innate Abilities, Weirdness & Mutations

You are partially covered in icy blue scales. (AC +2)
Spells you cast may paralyse adjacent enemies.
Your magical capacity is low. (-10% MP)
Your system is resistant to poisons. (rPois)


Message History

It was a scroll of magic mapping.
Your surroundings suddenly seem different.
An endoplasm, a goblin, 3 orcs and 2 orc priests come into view.
Found 8 gold pieces.
Xom is highly amused!
The orc priest shouts! x2; The goblin shouts!
The orc shouts!
An orc comes into view. It is wielding a +0 club.
The orc moves out of view.
The orc priest moves out of view.
The orc shouts!
The endoplasm quivers. "Get over here!"
The endoplasm blinks!
The orc priest hits you but does no damage.
The orc hits you with a +0 dagger.
The orc shouts!
You hit the orc priest but do no damage.
You hear a shout!
The orc priest hits you with a +0 hand axe.
The orc hits you but does no damage.
You closely miss the orc priest.
The orc priest invokes the aid of Beogh against you.
Pain shoots through your body! The orc hits you with a +0 dagger.
* * * LOW HITPOINT WARNING * * *
The endoplasm freezes you.
You are frozen.
* * * LOW HITPOINT WARNING * * *
An orc comes into view. It is wielding a +0 falchion.
Okay, then.
Okay, then.
It was a potion of brilliance.
You feel clever all of a sudden.
Xom thinks this is hilarious!
The orc shouts!
The orc priest hits you with a +0 hand axe.
* * * LOW HITPOINT WARNING * * *
The orc hits you but does no damage. The endoplasm freezes you.
You are frozen.
You die...
Xom guffaws!

*,******,,*,,,,,,,,***####...
*,,,...####.........*,.......
****#.......$.......,,####...
#...............*#.......
#...............#........
#........................
#........................
*#.....oog.....#.........
*#.....@o....##.........
######J###.............
*#.#**,**##........ *.o.,,,*
##........ *.#.#***
#......... #.,o#***
#......... *#.*#o,,*
#.......†. *..**o,,*
#.........
*,,,,,,,**#.........


You could see 2 orc priests, 5 orcs, an endoplasm and a goblin.

Vanquished Creatures
  A worm (D:2)
  2 dart slugs
  2 bats
  3 endoplasms
  2 giant cockroaches
  2 goblins
  8 hobgoblins
  2 quokkas (D:2)
  6 ball pythons
  4 frilled lizards
  6 kobolds
  6 rats
44 creatures vanquished.

Notes
Turn   | Place    | Note
-------+----------+-------------------------------------------
     0 | D:1      | Gabide the Demonspawn Chaos Knight began the quest for the
                  | Orb.
     0 | D:1      | Reached XP level 1. HP: 18/18 MP: 1/1
   139 | D:1      | XOM: silly message
   205 | D:1      | XOM: potion effect (might)
   210 | D:1      | Gained mutation: Spells you cast may paralyse adjacent
                  | enemies. [demonic ancestry]
   210 | D:1      | Reached XP level 2. HP: 10/24 MP: 2/2
   893 | D:1      | XOM: silly message
  1233 | D:1      | Reached skill level 1 in Dodging
  1337 | D:2      | Gained mutation: You are partially covered in icy blue
                  | scales. (AC +2) [demonic ancestry]
  1337 | D:2      | Reached XP level 3. HP: 19/29 MP: 3/3
  1486 | D:2      | Found a faded altar of an unknown god.
  1631 | D:2      | XOM: snakes to sticks
  1819 | D:2      | Found an ancient bone altar of Kikubaaqudgha.
  1944 | D:2      | XOM: 5-stop teleportation journey
  2009 | D:2      | XOM: give mutations
  2009 | D:2      | Gained mutation: Your magical capacity is low. (-10% MP)
                  | [Xom's mischief]
  2009 | D:2      | Gained mutation: You have a pair of small horns on your
                  | head. [Xom's mischief]
  2009 | D:2      | Gained mutation: Your system is resistant to poisons.
                  | (rPois) [Xom's mischief]
  2009 | D:2      | Lost mutation: You have a pair of small horns on your head.
                  | [Xom's mischief]
  2414 | D:3      | XOM: blink monster(s)
  2417 | D:3      | Frozen to death by an endoplasm

Illustrated notes

Levels and vault maps discovered:
D:1:      evilmike_arrival_crescent, layout_basic, grunt_decor_resistance,
          chequers_jeans, palyth_stone_intersect, minivault_5
D:2:      layout_basic, basic_altar, ebering_ecumenical_altar_ruins
D:3:      layout_rooms, nzn_overflow_gifts_of_might_and_magic, item_on_display_a

Skill      XL: |  1  2  3 |
---------------+----------+-----
Long Blades    | 3 |  3.7
Dodging        | 1 |  1.2
Armour         | 2 |  2.0
Fighting       | |  3.3
Stealth        | |  0.5

Action                   || total
-------------------------++-------
Melee: Falchion          ||   143
  Use: Scroll            ||     5
       Potion            ||     1
 Stab: Sleeping          ||     2
       Paralysed         ||     1
Armor: Leather armour    ||    63
Dodge: Dodged            ||    76
       Rpst.: Falchion   ||    18
